 Dungeon Crawl Stone Soup version 0.29.1-12-g30fa7ad0bf (webtiles) character file.

Game seed: 7407618654207463527

5462 wormed the Basher (level 10, 0/79 HPs)
             Began as a Demonspawn Fighter on Dec 21, 2022.
             Was a Believer of Okawaru.
             Slain by an orc warrior
             ... wielding a +0 mace of holy wrath
              (17 damage)
             ... on level 9 of the Dungeon.
             The game lasted 00:19:00 (10648 turns).

wormed the Basher (Demonspawn Fighter)             Turns: 10648, Time: 00:19:01

Health: 0/79       AC: 20    Str: 20    XL:     10   Next: 41%
Magic:  10/10      EV: 13    Int: 13    God:    Okawaru [**....]
Gold:   704        SH:  6    Dex: 14    Spells: 9/9 levels left

rFire   . . .      SeeInvis .   q - +2 whip (elec)
rCold   . . .      Faith    .   c - +0 buckler
rNeg    . . .      Spirit   .   t - +0 plate armour
rPois   .          Reflect  .   o - +0 helmet
rElec   .          Harm     .   (no cloak)
rCorr   .          Rampage  .   f - +1 pair of gloves
Will    +....                   (no boots)
Stlth   ..........              (no amulet)
HPRegen 0.23/turn               k - +4 ring of protection
MPRegen 0.12/turn               b - ring "Qeiceeso" {Will+ EV+4 Int+4}

@: mighty
A: claws 2, repulsion field 2, powered by death 1, powered by pain 2
a: Renounce Religion, Heroism


You were on level 9 of the Dungeon.
You worshipped Okawaru.
Okawaru was pleased with you.
You visited 4 branches of the dungeon, and saw 12 of its levels.

You collected 704 gold pieces.

Inventory:

Hand Weapons
 q - a +2 whip of electrocution (weapon)
Armour
 c - a +0 buckler (worn)
 f - a +1 pair of gloves (worn)
 o - a +0 helmet (worn)
 t - a +0 plate armour (worn)
Jewellery
 b - the ring "Qeiceeso" (right hand) {Will+ EV+4 Int+4}
   (You found it on level 4 of the Dungeon)

   [ring of evasion]

   EV:        It affects your evasion (+4).
   Int:       It affects your intelligence (+4).
   Will:      It increases your willpower.
 k - a +4 ring of protection (left hand)
 v - a ring of poison resistance
 w - a +6 ring of intelligence
 A - a ring of flight
Wands
 z - a wand of light (8)
Scrolls
 a - 3 scrolls of teleportation {unknown}
 g - a scroll of identify
 i - a scroll of silence {unknown}
 j - 3 scrolls of enchant armour
 u - a scroll of fog {unknown}
 x - a scroll of vulnerability {unknown}
 y - 2 scrolls of enchant weapon {unknown}
 B - a scroll of noise {unknown}
 C - 2 scrolls of magic mapping {unknown}
 E - a scroll of fear {unknown}
Potions
 d - 3 potions of might
 e - a potion of haste
 h - a potion of attraction
 l - a potion of degeneration
 m - a potion of brilliance
 n - a potion of curing
 p - 3 potions of heal wounds
 r - a potion of cancellation {unknown}
 s - a potion of lignification {unknown}
 D - a potion of invisibility {unknown}


   Skills:
 + Level 7.6 Fighting
 * Level 9.3 Maces & Flails
 + Level 7.0 Armour
 + Level 6.9 Shields


You had 9 spell levels left.
You didn't know any spells.
Your spell library contained the following spells:

 Spells                   Type           Power      Damage    Failure   Level
 Apportation              Tloc           0%         N/A       100%        1
 Necrotise                Necr           0%         1d4       100%        1
 Poisonous Vapours        Pois/Air       0%         N/A       100%        2
 Corpse Rot               Necr/Pois/Air  0%         N/A       100%        4
 Summon Small Mammal      Summ           Unusable   N/A       N/A         1

Dungeon Overview and Level Annotations

Branches:
Dungeon (9/15)             Temple (1/1) D:7            Lair (1/5) D:9
    Orc (1/2) D:9

Altars:
Ashenzari
Cheibriados
Dithmenos
Fedhas
Gozag
Hepliaklqana
Kikubaaqudgha
Makhleb
Nemelex Xobeh
Okawaru
Qazlal
Ru
Sif Muna
Trog
Uskayaw
Vehumet
Wu Jian
Xom


Innate Abilities, Weirdness & Mutations

You have very sharp fingernails.
You are surrounded by a moderate repulsion field. (EV +3)
You regenerate a little health from kills.
You sometimes gain power by taking damage.


Message History

The orc warrior shoots a bolt.
The bolt hits you!
* * * LOW HITPOINT WARNING * * *
There is a stone staircase leading up, spattered with blood here.
You climb upwards.
There is a stone staircase leading down here.
You start resting.
You feel a little less mighty now.
You start resting.
HP restored.
There is a stone staircase leading down here.
You climb downwards.
There is a stone staircase leading up, spattered with blood here.
You closely miss the orc warrior. You completely miss the orc warrior.
You hit the orc warrior but do no damage.
The orc warrior unwields a +0 arbalest.
The orc warrior wields a +0 mace of holy wrath.
It softly glows with a divine radiance!
The orc warrior hits you but does no damage.
You hit the orc warrior but do no damage.
You hit the orc warrior but do no damage.
You block the orc warrior's attack.
You hit the orc warrior.
The orc warrior is lightly wounded.
The orc warrior hits you with a +0 mace of holy wrath.
You convulse!
You hit the orc warrior but do no damage.
You hit the orc warrior but do no damage.
The orc warrior hits you with a +0 mace of holy wrath!
You focus on the pain.
You feel very mighty all of a sudden.
You convulse!
You hit the orc warrior but do no damage.
The orc warrior barely misses you.
The orc priest invokes the aid of Beogh against you.
Beogh smites you!
The orc warrior hits you with a +0 mace of holy wrath!
* * * LOW HITPOINT WARNING * * *
You convulse!
You die...

#'###'#.## ##. ..#
##...# #.8. #.8.#
#.##.. #...#
#...##.### ##.##
#........# ###.###
#........# #)ooo.#
#........###)#o###
.........#o..#@#
#.......ooo#####
.........###
.........#
.....#.>##
.oo≈§.### ...§≈.
...oo .....


You could see an orc warrior, an orc priest and 2 orcs.

Vanquished Creatures
  Erica (D:8)
  A hornet (D:7)
  The ghost of TheSexyCheese the Trooper, an amateur HOFi (D:4)
  3 yaks
  Menkaure (D:7)
  A water moccasin (D:6)
  3 ice beasts
  5 orc warriors
  A black bear (D:6)
  2 sky beasts
  3 ogres (D:5)
  3 centaurs
  A kobold brigand (D:6)
  4 bullfrogs
  2 necrophages
  11 wights
  6 killer bees (D:8)
  A howler monkey (D:5)
  A crimson imp (D:8)
  A jelly (D:7)
  6 hounds
  5 orc priests
  5 iguanas
  8 orc wizards
  Robin (D:3)
  7 gnolls
  8 adders
  2 white imps
  An ufetubus (D:5)
  2 worms (D:3)
  3 dart slugs
  60 orcs
  7 bats
  3 endoplasms (D:1)
  18 giant cockroaches
  8 goblins
  10 hobgoblins
  4 jackals
  7 kobolds
  2 quokkas (D:1)
  8 ball pythons
  5 frilled lizards
  7 rats
239 creatures vanquished.

Vanquished Creatures (others)
  10 fungi (D:8)
10 creatures vanquished.

Grand Total: 249 creatures vanquished

Notes
Turn   | Place    | Note
-------+----------+-------------------------------------------
     0 | D:1      | wormed the Demonspawn Fighter began the quest for the Orb.
     0 | D:1      | Reached XP level 1. HP: 18/18 MP: 1/1
    94 | D:1      | Reached skill level 2 in Maces & Flails
   266 | D:1      | Gained mutation: You are surrounded by a mild repulsion
                  | field. (EV +2) [demonic ancestry]
   266 | D:1      | Reached XP level 2. HP: 24/24 MP: 2/2
  1186 | D:2      | Reached XP level 3. HP: 29/29 MP: 3/3
  1402 | D:2      | Gained mutation: You regenerate a little health from kills.
                  | [demonic ancestry]
  1402 | D:2      | Reached XP level 4. HP: 30/35 MP: 4/4
  1493 | D:2      | Reached skill level 3 in Maces & Flails
  2822 | D:3      | Found a radiant altar of Vehumet.
  2822 | D:3      | Found a shadowy altar of Dithmenos.
  2845 | D:3      | Noticed Robin
  2851 | D:3      | Gained mutation: You are surrounded by a moderate repulsion
                  | field. (EV +3) [demonic ancestry]
  2851 | D:3      | Reached XP level 5. HP: 41/41 MP: 5/5
  2855 | D:3      | Killed Robin
  3114 | D:4      | Found a broken altar of Ashenzari.
  3116 | D:4      | Identified the ring "Qeiceeso" {Will+ EV+4 Int+4}
  3529 | D:4      | Gained mutation: You sometimes gain a little power by
                  | taking damage. [demonic ancestry]
  3529 | D:4      | Reached XP level 6. HP: 40/48 MP: 6/6
  3772 | D:4      | Reached skill level 4 in Maces & Flails
  3839 | D:4      | Found a runed translucent gate.
  3840 | D:4      | Found a runed translucent gate.
  3841 | D:4      | Found a runed translucent gate.
  3841 | D:4      | Identified the +11 rapier "Ginludgh" {vamp, rF+ rC+}
  3848 | D:4      | Noticed TheSexyCheese's ghost (amateur HOFi)
  4434 | D:4      | Killed TheSexyCheese's ghost
  4571 | D:5      | Entered Level 5 of the Dungeon
  4705 | D:5      | Gained mutation: You have sharp fingernails. [demonic
                  | ancestry]
  4705 | D:5      | Reached XP level 7. HP: 55/55 MP: 7/7
  4802 | D:5      | Reached skill level 5 in Maces & Flails
  5405 | D:5      | Reached skill level 5 in Fighting
  5491 | D:5      | Noticed a two-headed ogre
  5502 | D:4      | HP: 1/56 [two-headed ogre/+0 giant club (5)]
  5886 | D:5      | Gained mutation: You have very sharp fingernails. [demonic
                  | ancestry]
  5886 | D:5      | Reached XP level 8. HP: 62/62 MP: 8/8
  6316 | D:5      | Reached skill level 6 in Maces & Flails
  6341 | D:5      | Reached skill level 5 in Armour
  6370 | D:6      | Found a snail-covered altar of Cheibriados.
  6394 | D:6      | Reached skill level 5 in Shields
  6858 | D:6      | Reached skill level 7 in Maces & Flails
  6872 | D:6      | Reached XP level 9. HP: 69/69 MP: 9/9
  6918 | D:6      | Found a shimmering altar of Xom.
  7078 | D:6      | Found an ornate altar of the Wu Jian Council.
  7364 | D:7      | Found a sparkling altar of Nemelex Xobeh.
  7475 | D:7      | Found a staircase to the Ecumenical Temple.
  7523 | D:7      | Noticed Menkaure
  7531 | D:7      | Killed Menkaure
  7565 | Temple   | Entered the Ecumenical Temple
  7887 | Temple   | Became a worshipper of Warmaster Okawaru
  8147 | D:7      | Reached skill level 8 in Maces & Flails
  8311 | D:7      | Found a blossoming altar of Fedhas.
  8721 | D:7      | Reached * piety under Okawaru
  8803 | D:8      | Noticed Erica
  8848 | D:7      | HP: 3/68 [poisoned by Erica (bolt of poison)]
  9242 | D:8      | Gained mutation: You sometimes gain power by taking damage.
                  | [demonic ancestry]
  9242 | D:8      | Reached XP level 10. HP: 71/76 MP: 10/10
  9570 | D:8      | Found a stormy altar of Qazlal.
  9595 | D:8      | Killed Erica
  9595 | D:8      | Reached ** piety under Okawaru
  9596 | D:8      | Reached skill level 9 in Maces & Flails
  9804 | D:8      | Found a burning altar of Makhleb.
 10221 | D:9      | Found a staircase to the Orcish Mines.
 10290 | Orc:1    | Entered Level 1 of the Orcish Mines
 10320 | D:9      | Found a staircase to the Lair.
 10328 | Lair:1   | Entered Level 1 of the Lair of Beasts
 10648 | D:9      | Slain by an orc warrior

Illustrated notes

Levels and vault maps discovered:
D:1:      heliophobic_arrival_battle_scene, layout_loops_ring
D:2:      minmay_roachtagon, layout_basic, minmay_hedge_maze
D:3:      layout_loops_ring, gammafunk_temple_overflow_wave, uniq_robin
D:4:      layout_basic, nicolae_ashenzari_skybound, gammafunk_ghost_split
D:5:      minmay_recursive_quarters, layout_basic
D:6:      layout_rooms, mainiacjoe_overflow_paths,
          mainiacjoe_overflow_small_starburst,
          nicolae_wu_jian_immortal_techniques
D:7:      layout_rooms, lemuel_round_altar, general_overflow_altar,
          minmay_temple_entry_statues_pillars, hex_large, hangedman_decor_push,
          uniq_menkaure
D:8:      layout_rooms, makhleb_grotto_becter, nicolae_qazlal_general_emergency,
          dreamdust_mushroom_princess, uniq_erica
D:9:      layout_roguey, lemuel_tele_altar, lair_entry_dummy, hiddenorc2_lemuel,
          hangedman_glass_teeth, kennysheep_cross_room,
          kennysheep_decorative_pillar
Temple:   jpeg_temple_clearing
Lair:1:   layout_chaotic_city, nicolae_lair_grove_arrangements
Orc:1:    layout_caves

Skill      XL: |  1  2  3  4  5  6  7  8  9 10 |
---------------+-------------------------------+-----
Maces & Flails | 2 3 4 5 7 8 9 |  9.3
Armour         | 3 4 5 6 7 |  7.0
Shields        | 3 4 5 6 |  6.9
Fighting       | 4 5 6 7 |  7.6

Action                   |  1- 3 |  4- 6 |  7- 9 | 10-12 || total
-------------------------+-------+-------+-------+-------++-------
Melee: Flail             |   108 |    42 |       |       ||   150
       Whip              |       |   196 |   455 |   178 ||   829
  Use: Scroll            |       |     4 |     2 |       ||     6
       Potion            |       |       |     5 |     1 ||     6
Armor: Scale mail        |    74 |    64 |       |       ||   138
       Chain mail        |       |    14 |       |       ||    14
       Plate armour      |       |     7 |   151 |    58 ||   216
Dodge: Dodged            |    69 |   134 |   193 |   109 ||   505
Block: Buckler           |    17 |    43 |    75 |    51 ||   186
